omghax, neutral male scurrid Tourist ----- -.... --- |.....=@| |......a| +.......| |......$| --------- omghax the Rambler Experience level: 1 Strength: 11 Dexterity: 11 Constitution: 14 Intelligence: 14 Wisdom: 7 Charisma: 18 Health: 0(9) Energy: 2(2) Def: 0 Gold: 1280 Moves: 37 Dungeon seed: rqSg80a3baeINpCM Game ID: omghax_1498613368 Your Inventory: Coins $ - 1280 gold pieces Weapons a - 45 uncursed +2 darts (in quiver) Armor e - an uncursed +0 Hawaiian shirt (being worn) Comestibles b - an uncursed candy bar c - 3 uncursed tripe rations d - 6 uncursed food rations f - an uncursed orange g - an uncursed egg Scrolls i - 3 uncursed scrolls of magic mapping j - a blessed scroll of magic mapping p - an uncursed scroll of confuse monster Potions h - 2 uncursed potions of extra healing o - an uncursed potion of full healing Wands m - an uncursed wand of secret door detection (0:12) Tools k - an uncursed expensive camera (0:56) l - an uncursed credit card n - an uncursed leash Spells and supernatural/magical abilities: Name Level Category Fail Memory W - pray for help -- divine ? -- Your skills at the end: Miscellaneous Skills wands [Basic] Weapon Skills dart [Basic] Spellcasting Skills Final Attributes: You were devoutly aligned. You had infravision. You were very stealthy. You are dead. Voluntary challenges: You went without food. You did not adorn yourself with jewelry or accessories. You did not cause conflict. You were not invisible. You did not have reflection. You were not displaced. You were an atheist. You never hit with a wielded weapon. You were a pacifist. You did not use tools. You did not use plumbed fixtures. You did not drink any magical draughts. You were illiterate. You never genocided any monsters. You never polymorphed an object. You never changed form. You used no wishes. You never split a pudding. You never wrote Elbereth's name. You never violated your personal moral code. Dungeon overview: The Dungeons of Doom: levels 1 to 15 Level 1 a long staircase Level 2 Level 3 Level 4 Level 5 Level 6 a scroll shop Level 7 Level 8 Level 9 a fountain Level 10 Level 11 Level 12 Level 13 Level 14 Level 15 <- You were here History has recorded: On T:1 you entered the Dungeons of Doom to retrieve the Amulet of Yendor! On T:4 you reached level 2 of The Dungeons of Doom. On T:7 you reached level 3 of The Dungeons of Doom. On T:9 you reached level 4 of The Dungeons of Doom. On T:11 you reached level 5 of The Dungeons of Doom. On T:13 you reached level 6 of The Dungeons of Doom. On T:18 you reached level 8 of The Dungeons of Doom. On T:20 you reached level 9 of The Dungeons of Doom. On T:22 you reached level 10 of The Dungeons of Doom. On T:26 you reached level 11 of The Dungeons of Doom. On T:28 you reached level 12 of The Dungeons of Doom. On T:31 you reached level 13 of The Dungeons of Doom. On T:33 you reached level 14 of The Dungeons of Doom. On T:35 you reached level 15 of The Dungeons of Doom. Score breakdown: Gold: 590 ( 59 points) Experience: 1 level ( 0 points) Exploration: 15 levels ( 420 points) Discoveries: 2 items ( 100 points) Variety of kills: 0 monsters ( 0 points) Major goal: (nothing yet) ( 0 points) Survival: died (score multiplied by 3) Total score: 1737 Latest messages: You continue digging downward. You dig a pit in the floor. You continue digging downward. You dig a hole through the floor. You fall through... You start digging downward. You continue digging downward. You dig a pit in the floor. You continue digging downward. You dig a hole through the floor. You fall through... You start digging downward. You continue digging downward. You dig a pit in the floor. You continue digging downward. You dig a hole through the floor. You fall through... You start digging downward. The giant ant bites! (2x) You continue digging downward. You dig a pit in the floor. The giant ant bites! You die... Final status: Aloha omghax the Tourist, killed by a giant ant... You died in The Dungeons of Doom on dungeon level 15 with 1737 points, and 1280 pieces of gold, after 37 moves. You were level 1 with a maximum of 9 hit points when you died.